 Dungeon Crawl Stone Soup version 0.16-a0-4088-g7c8221e (console) character file.

66 MarvinPA the Poker (level 3, -9/27 HPs)
             Began as a Mummy Warper on Feb 23, 2015.
             Killed from afar by an orc wizard (13 damage)
             ... with a puff of flame
             ... on level 3 of the Dungeon.
             The game lasted 00:03:09 (2139 turns).

MarvinPA the Poker (Mummy Warper)                   Turns: 2139, Time: 00:03:10

Health: -9/27      AC:  3    Str: 15    XL:     3   Next: 96%
Magic:  6/6        EV: 11    Int: 12    God:
Gold:   76         SH:  3    Dex: 11    Spells: 3 memorised, 1 level left

rFire  x . .     SeeInvis .     a - +0 spear
rCold  + . .     Clarity  .     g - +0 leather armour
rNeg   + + +     SustAb   .     l - +0 buckler
rPois  ∞         Gourm    .     (no helmet)
rElec  .         Spirit   .     (no cloak)
rCorr  .         Warding  .     (no gloves)
rMut   .         Stasis   .     (no boots)
MR     .....                    (no amulet)
Stlth  +.........               (no ring)
                                (no ring)

@: not resistant to hostile enchantments, very unstealthy
A: no food or potions, fire vulnerability, restore body, cold resistance 1,
negative energy resistance 3, poison resistance, torment resistance, unbreathing
a: no special abilities


You were on level 3 of the Dungeon.
You were not hungry.

You visited 1 branch of the dungeon, and saw 3 of its levels.

You collected 76 gold pieces.


Innate Abilities, Weirdness & Mutations

You do not eat or drink.
Your flesh is vulnerable to fire.
Your flesh is cold resistant.
You are immune to negative energy.
Your system is resistant to poisons.
You are immune to unholy pain and torment.
You can survive without breathing.


   Skills:
 - Level 2.0 Fighting
 + Level 2.5 Polearms
 - Level 0.7 Throwing
 - Level 0.7 Armour
 - Level 1.7 Dodging
 + Level 0.2 Shields
 - Level 2.0 Spellcasting
 - Level 2.0 Charms
 - Level 2.4 Translocations


You had one spell level left.
You knew the following spells:

 Your Spells              Type           Power        Failure   Level  Hunger
a - Shroud of Golubria    Chrm/Tloc      #.........   34%         2    N/A
b - Blink                 Tloc           N/A          34%         2    N/A
e - Apportation           Tloc           #.........   24%         1    N/A

Inventory:

Hand weapons
 a - a +0 spear (weapon)
 b - a +0 dagger of venom
 m - a +1 dagger of distortion
Missiles
 e - 5 tomahawks of dispersal {=f}
 i - 23 stones (quivered)
Armour
 g - a +0 leather armour (worn)
 l - a +0 buckler (worn)
Scrolls
 d - a scroll of blinking
 f - a scroll of recharging {unknown}
 h - 2 scrolls of teleportation {unknown}
 j - 2 scrolls of identify {unknown}
 k - a scroll of remove curse {unknown}
Books
 c - a book of Spatial Translocations

Dungeon Overview and Level Annotations

Branches:
Dungeon (3/15)

Altars:
Xom

#######
...#.....##########
......£............
###.......).#######
#.#######†# #.# ###
#M###
#.....#{#<#####.#
....£...((.........
#.#<..#.#.#####.#
#.#.#.#.# .. #
#.#+# # #.. #.. #((


There were no monsters in sight!


Message History

You barely miss the orc wizard. The orc wizard hits you with a dagger.
* * * LOW HITPOINT WARNING * * *
The orc wizard gestures at you while chanting.
The puff of flame misses you.
You hit the orc wizard.
The orc wizard is poisoned.
The orc wizard is lightly wounded.
The orc wizard hits you with a dagger.
* * * LOW HITPOINT WARNING * * *
Your +0 dagger of venom stops dripping with poison.
a - a +0 spear (weapon)
The orc wizard hits you with a dagger.
* * * LOW HITPOINT WARNING * * *
You closely miss the orc wizard.
The orc wizard is moderately wounded.
The orc wizard closely misses you. The orc wizard hits you with a dagger.
* * * LOW HITPOINT WARNING * * *
You hit the orc wizard.
The orc wizard is almost dead.
The orc wizard barely misses you.
You barely miss the orc wizard.
The orc wizard is almost dead.
The orc wizard casts a spell.
The orc wizard flickers and vanishes!
Deactivating autopickup; reactivate with Ctrl-A.
Something hits you.
* * * LOW HITPOINT WARNING * * *
You miss something.
You hear some strange, mumbled words.
The puff of flame hits you! The fire burns you terribly!
You die...

Action                   || total
-------------------------++-------
Melee: Spear             ||   113
       Dagger            ||    44
Throw: Stone             ||     6

Vault maps used:
D:1:      minmay_arrival_wavy_path
D:2:      old_standard_altar, first_bread, solitary_fountain,
          hangedman_decor_diamond_cutter, uniq_iyjb
D:3:      overflow_temple_1_default, grunt_temple_overflow_cloverleaf,
          makhleb_blood_cavern_becter

Notes
Turn   | Place    | Note
--------------------------------------------------------------
     0 | D:1      | MarvinPA, the Mummy Warper, began the quest for the Orb.
     0 | D:1      | Reached XP level 1. HP: 16/16 MP: 3/3
   216 | D:1      | Reached skill level 2 in Polearms
   509 | D:1      | Reached XP level 2. HP: 17/22 MP: 4/4
  1068 | D:1      | Learned a level 2 spell: Blink
  1071 | D:1      | Learned a level 2 spell: Shroud of Golubria
  1329 | D:1      | You fall through a shaft!
  1343 | D:2      | Reached skill level 1 in Charms
  1484 | D:2      | Found a shimmering altar of Xom.
  1494 | D:2      | Noticed Ijyb
  1512 | D:2      | Reached XP level 3. HP: 18/27 MP: 6/6
  1512 | D:2      | Killed Ijyb
  1721 | D:1      | Reached skill level 2 in Charms
  2139 | D:3      | Killed from afar by an orc wizard

Vanquished Creatures
  Ijyb (D:2)
  2 adders (D:2)
  2 giant geckos (D:1)
  3 orcs (D:3)
  A giant cockroach (D:1)
  A hobgoblin (D:1)
  3 kobolds
  A bat (D:1)
  3 giant newts
  5 goblins
  3 jackals (D:1)
  5 rats
30 creatures vanquished.
